 Dungeon Crawl Stone Soup version 0.28.0-43-g3370ac3207 (webtiles) character file.

Game seed: 4435539289626045168

37 crimpus the Covered (level 3, -1/33 HPs)
             Began as a Minotaur Fighter on Mar 24, 2022.
             Succumbed to a goblin's poison
             ... on level 1 of the Dungeon.
             The game lasted 00:00:46 (615 turns).

crimpus the Covered (Minotaur Fighter)               Turns: 615, Time: 00:00:47

Health: -1/33      AC:  7    Str: 22    XL:     3   Next: 23%
Magic:  2/2        EV:  9    Int:  5    God:
Gold:   46         SH:  4    Dex:  9    Spells: 2/2 levels left

rFire   . . .      SeeInvis .   a - +0 war axe
rCold   . . .      Faith    .   c - +0 buckler
rNeg    . . .      Spirit   .   b - +0 scale mail
rPois   .          Reflect  .   (helmet restricted)
rElec   .          Harm     .   (no cloak)
rCorr   .          Rampage  .   (no gloves)
Will    .....                   (no boots)
Stlth   ..........              (no amulet)
HPRegen 0.11/turn               (no ring)
MPRegen 0.08/turn               (no ring)

@: lethally poisoned (-1 -> -20)
A: horns 2, retaliatory headbutt
a: no special abilities


You were on level 1 of the Dungeon.
You visited 1 branch of the dungeon, and saw 1 of its levels.

You collected 46 gold pieces.

Inventory:

Hand Weapons
 a - a +0 war axe (weapon)
Armour
 b - a +0 scale mail (worn)
 c - a +0 buckler (worn)
Scrolls
 e - a scroll of acquirement {unknown}
 f - a scroll of vulnerability {unknown}
 g - a scroll of enchant weapon {unknown}
Potions
 d - a potion of might
 h - a potion of curing {unknown}


   Skills:
 + Level 4.2 Fighting
 + Level 2.6 Axes
 + Level 4.3 Armour
 + Level 4.0 Shields


You had 2 spell levels left.
You didn't know any spells.
Your spell library was empty.

Dungeon Overview and Level Annotations

Branches:
Dungeon (1/15)

Altars:


Innate Abilities, Weirdness & Mutations

You have a pair of horns on your head.
You reflexively headbutt those who attack you in melee.


Message History

The jackal bites you but does no damage.
The jackal bites you.
You closely miss the goblin. You hit the jackal. x2
The jackal barely misses you.
The jackal bites you but does no damage.
The goblin hits you but does no damage.
You are poisoned.
You barely miss the jackal. You headbutt the jackal.
You kill the jackal!
You closely miss the jackal. You closely miss the goblin.
You feel very sick. You block the jackal's attack.
The goblin barely misses you.
The goblin hits you with a +2 dagger of venom.
You are more poisoned.
You hit the jackal.
You kill the jackal!
You miss the goblin. You closely miss the jackal.
You feel very sick.
The jackal bites you but does no damage.
The jackal closely misses you. The goblin hits you but does no damage.
You are more poisoned.
You closely miss the goblin. You headbutt the goblin.
The goblin is moderately wounded.
You hit the jackal.
You feel very sick. The jackal bites you.
The goblin hits you but does no damage.
You are lethally poisoned!
The jackal closely misses you.
You closely miss the goblin.
The goblin is moderately wounded.
You hit the jackal.
* * * LOW HITPOINT WARNING * * *
You feel extremely sick. The jackal barely misses you.
The goblin hits you but does no damage.
The jackal bites you but does no damage.
The goblin hits you but does no damage.
You are more poisoned.
* * * LOW HITPOINT WARNING * * *
You feel very sick.
You die...

#.# ##########.## ...
.........## ###### #.#
########..#
......##.#### #..#
#..........# #..#
#.....†....# #...
#....gh....## #####.#.
####.##.#...[. ......#.
#######@#.#### #......
..........# #......
#######.##########......
#...........##......
#.#.#######.##.....)
##.#.# #.##......
.....#######.##......
.......).............
.....########.########


You could see a jackal.

Vanquished Creatures
  2 dart slugs (D:1)
  2 ball pythons (D:1)
  4 bats (D:1)
  2 endoplasms (D:1)
  A giant cockroach (D:1)
  4 goblins (D:1)
  2 hobgoblins (D:1)
  2 jackals (D:1)
  5 kobolds (D:1)
  5 rats (D:1)
29 creatures vanquished.

Notes
Turn   | Place    | Note
-------+----------+-------------------------------------------
     0 | D:1      | crimpus the Minotaur Fighter began the quest for the Orb.
     0 | D:1      | Reached XP level 1. HP: 19/19 MP: 0/0
   155 | D:1      | Reached XP level 2. HP: 27/27 MP: 1/1
   476 | D:1      | Reached XP level 3. HP: 32/33 MP: 2/2
   615 | D:1      | Succumbed to a goblin's poison

Illustrated notes

Levels and vault maps discovered:
D:1:      dpeg_arrival_subterranean_lakeside_camping, layout_basic

Skill      XL: |  1  2  3 |
---------------+----------+-----
Armour         | 4 |  4.3
Fighting       | 4 |  4.2
Shields        | 4 |  4.0
Axes           | |  2.6

Action                   || total
-------------------------++-------
Melee: War axe           ||    46
       Headbutt          ||     4
Armor: Scale mail        ||    24
Dodge: Dodged            ||    28
Block: Buckler           ||     9
